 Dungeon Crawl Stone Soup version 0.17-a0-2208-ge5ab1d3 (webtiles) character file.

9 Duffy the Magician (level 2, -6/13 HPs)
             Began as a Spriggan Earth Elementalist on Oct 26, 2015.
             Mangled by a kobold
             ... wielding a +0 short sword
              (8 damage)
             ... on level 1 of the Dungeon.
             The game lasted 00:00:15 (126 turns).

Duffy the Magician (Spriggan Earth Elementalist)     Turns: 126, Time: 00:00:15

Health: -6/13      AC:  2    Str:  4    XL:     2   Next: 3%
Magic:  2/7        EV: 18    Int: 16    God:
Gold:   9          SH:  0    Dex: 16    Spells: 1 memorised, 6 levels left

rFire  . . .     SeeInvis +     (weapon restricted)
rCold  . . .     Clarity  .     b - +0 robe
rNeg   . . .     SustAt   .     (shield restricted)
rPois  .         Gourm    .     (helmet restricted)
rElec  .         Spirit   .     (no cloak)
rCorr  .         Warding  .     (gloves unavailable)
rMut   .         Stasis   .     (boots unavailable)
MR     .....                    (no amulet)
Stlth  +++.......               (no ring)
                                (no ring)

@: very slightly contaminated, very quick, not resistant to hostile
enchantments, fairly stealthy
A: unfitting armour, see invisible, herbivore 3, speed 3, slow metabolism 2
a: no special abilities


You were on level 1 of the Dungeon.
You were not hungry.

You visited 1 branch of the dungeon, and saw 1 of its levels.

You collected 9 gold pieces.


Innate Abilities, Weirdness & Mutations

You are tiny and cannot use many weapons and most armour.
You have supernaturally acute eyesight.
You are a herbivore.
You cover ground extremely quickly.
You need consume almost no food.


   Skills:
 - Level 3.0 Dodging
 - Level 3.0 Stealth
 + Level 3.1 Spellcasting
   Level 1.3 Transmutations
 + Level 3.0 Earth Magic


You had 6 spell levels left.
You knew the following spells:

 Your Spells              Type           Power        Failure   Level  Hunger
a - Sandblast             Erth           ##....       8%          1    None

Inventory:

Missiles
 a - 20 stones (quivered)
Armour
 b - a +0 robe (worn)
Scrolls
 e - a scroll of blinking {unknown}
Potions
 g - a potion of curing {unknown}
Books
 c - a book of Geomancy
Comestibles
 d - a bread ration
 f - a slice of pizza

Dungeon Overview and Level Annotations

Branches:
Dungeon (1/15)

Altars:


Message History

Press: ? - help, Shift-Dir - straight line, f/p - hobgoblin
Aim: a hobgoblin (almost dead)
You miscast Sandblast.
You are very lightly contaminated with residual magic.
Your feet feel warm.
The hobgoblin completely misses you.
Cast which spell? (? or * to list)
Aiming: Sandblast
Press: ? - help, Shift-Dir - straight line, f/p - hobgoblin
Aim: a hobgoblin (almost dead)
The blast of sand hits the hobgoblin.
You kill the hobgoblin!
Your Earth Magic skill increases to level 3!
You have reached level 2!
A goblin comes into view. It is wielding a club.
You see here a hobgoblin corpse.
The kobold hits you with a short sword.
You hit the kobold.
The kobold is severely wounded.
The kobold misses you.
You closely miss the kobold.
The kobold is severely wounded.
The goblin closely misses you. The kobold hits you with a short sword.
You hit the kobold but do no damage.
The kobold is severely wounded.
The kobold hits you with a short sword. The goblin closely misses you.
You hit the kobold but do no damage.
The kobold is heavily wounded.
You closely miss the kobold.
The kobold is heavily wounded.
The kobold barely misses you. The goblin hits you with a club.
You closely miss the kobold.
The kobold is heavily wounded.
The kobold hits you with a short sword!
Ouch! That really hurt!
You die...

#...##.#.# #.#
.####...#....# #
.............#
.####...#....#
...........#.#
#####...####.######
........# .......
######..####g......
#...†.@K......
##.########### #.#
#.# ..# ###


You could see a goblin and a kobold.

Action                   || total
-------------------------++-------
Melee: Unarmed           ||     6
 Cast: Sandblast         ||     9

Notes
Turn   | Place    | Note
--------------------------------------------------------------
     0 | D:1      | Duffy the Spriggan Earth Elementalist began the quest for the Orb.
     0 | D:1      | Reached XP level 1. HP: 9/9 MP: 5/5
    53 | D:1      | Reached skill level 3 in Spellcasting
   117 | D:1      | Reached skill level 3 in Earth Magic
   117 | D:1      | Reached XP level 2. HP: 13/13 MP: 1/7
   126 | D:1      | Mangled by a kobold

Vault maps used:
D:1:      co_arrival_hexagon_in_a_hexagon, columned_hall_lemuel

Vanquished Creatures
  An ooze
  2 hobgoblins
  A giant gecko
4 creatures vanquished.
